 Dungeon Crawl Stone Soup version 0.22.0-38-g04b72b8 (webtiles) character file.

103763 Fang the Severer (level 16, -6/107 HPs)
             Began as a Gargoyle Berserker on Aug 30, 2018.
             Was the Champion of Trog.
             Splashed by an acid blob's acid (14 damage)
             ... on level 1 of the Pits of Slime.
             The game lasted 00:53:25 (28191 turns).

Fang the Severer (Gargoyle Berserker)              Turns: 28191, Time: 00:53:26

Health: -6/107     AC: 12    Str: 30    XL:     16   Next: 36%
Magic:  11/16      EV: 19    Int: 10    God:    Trog [******]
Gold:   2949       SH:  0    Dex:  9    Spells: 15/15 levels left

rFire    + . .     SeeInvis +   q - +7 executioner's axe (elec)
rCold    + + +     Gourm    .   (shield currently unavailable)
rNeg     + . .     Faith    .   H - +3 ring mail "Zaokoph" {rC++ Str+4}
rPois    ∞         Spirit   .   (no helmet)
rElec    +         Reflect  .   s - +1 cloak of Starlight {rElec rC+ EV+4 Stlth--}
rCorr    .         Harm     .   (no gloves)
MR       +....                  (no boots)
Stlth    ..........             a - amulet of the acrobat
HPRegen  0.27/turn              O - ring of protection from fire
MPRegen  0.15/turn              T - ring of see invisible

@: confused, corroded, flying
A: big wings, negative energy resistance 1, electricity resistance, unbreathing,
petrification resistance, rot immunity, AC +12
a: Stop Flying, Berserk, Trog's Hand, Brothers in Arms, Renounce Religion


You were on level 1 of the Pits of Slime.
You worshipped Trog.
Trog was exalted by your worship.
You were very hungry.

You visited 6 branches of the dungeon, and saw 26 of its levels.
You also visited: Sewer, Bailey and Ice Cave.

You collected 2949 gold pieces.

Inventory:

Hand Weapons
 m - a +1 war axe of electrocution
 q - a +7 executioner's axe of electrocution (weapon)
 u - a +2 battleaxe of freezing
 F - a +6 antimagic broad axe
 N - a +3 battleaxe of freezing
Missiles
 b - 2 poisoned javelins (quivered)
Armour
 s - the +1 cloak of Starlight (worn) {rElec rC+ EV+4 Stlth--}
   (You found it on level 8 of the Dungeon)

   It affects your evasion (+4).
   It protects you from cold.
   It insulates you from electricity.
   It makes you much less stealthy.
 H - the +3 ring mail "Zaokoph" (worn) {rC++ Str+4}
   (You found it on level 6 of the Lair of Beasts)

   It affects your strength (+4).
   It greatly protects you from cold.
Jewellery
 a - an amulet of the acrobat (around neck)
 e - an uncursed amulet of guardian spirit
 l - an uncursed amulet of the gourmand
 p - an uncursed amulet of magic regeneration
 D - an uncursed ring of ice
 O - a ring of protection from fire (left hand)
 T - a ring of see invisible (right hand)
Wands
 f - a wand of disintegration (30)
 n - a wand of polymorph (35)
 t - a wand of scattershot (3)
 B - a wand of acid (8)
 C - a wand of digging (31)
 E - a wand of enslavement (11)
 Q - a wand of random effects (19)
Scrolls
 d - 6 scrolls of enchant armour
 h - 14 scrolls of remove curse
 i - 8 scrolls of identify
 j - 9 scrolls of teleportation
 r - 5 scrolls of fog
 w - 6 scrolls of magic mapping
 y - a scroll of blinking
 G - 3 scrolls of fear
Potions
 g - 2 potions of brilliance
 o - 8 potions of curing
 v - 4 potions of mutation
 x - 7 potions of heal wounds
 z - 3 potions of resistance
 A - 5 potions of might
 J - a potion of berserk rage
 M - a potion of cancellation
 P - 3 potions of lignification
 R - a potion of agility
 S - 2 potions of haste
Miscellaneous
 I - 2 sacks of spiders
 K - a phial of floods
 L - a phial of floods
Comestibles
 c - 35 rations


   Skills:
 + Level 14.7 Fighting
 + Level 19.2 Axes
 + Level 7.5 Armour
 + Level 8.7 Dodging
 + Level 4.8 Stealth
 + Level 1.5 Unarmed Combat


You had 15 spell levels left.
You didn't know any spells.
Your spell library was empty.

Dungeon Overview and Level Annotations

Branches:
Dungeon (15/15)            Temple (1/1) D:7            Lair (6/6) D:9
 Shoals (0/4) Lair:3       Spider (0/4) Lair:4        Slime (1/5) Lair:5
    Orc (2/2) D:9             Elf (0/3) Orc:2        Vaults (0/5) D:14
 Depths (1/5) D:15

Altars:
Ashenzari
Fedhas
Gozag
Hepliaklqana
Kikubaaqudgha
Nemelex Xobeh
Okawaru
Qazlal
Sif Muna
Uskayaw
Vehumet
Wu Jian
Beogh
Jiyva

Shops:
D:9 :[*(%   D:15 !=(   Orc:2 (=:!

Annotations:
Lair:2 3 runed doors, Jinaet's ghost, journeyman MfGl
Lair:3 2 runed doors, Kamoikham's ghost, journeyman GnWz
Lair:6 exclusion: oklob plant


Innate Abilities, Weirdness & Mutations

You are resistant to torment.
Your stone body is resilient. (AC +12)
You are immune to poison.
Your large and strong wings let you fly indefinitely.
You resist negative energy. (rN+)
You are resistant to electric shocks. (rElec)
You can survive without breathing.
You are immune to petrification.
You are immune to rotting.


Message History

The golden eye blinks at you.
You are more confused.
The acid blob spits acid at you. The splash of acid hits you!
You are splashed with acid!
The acid burns!
The golden eye blinks at you. The acid blob hits you!!
* * * LOW HITPOINT WARNING * * *
The acid corrodes you!
You are splashed with acid!
The acid burns!
* * * LOW HITPOINT WARNING * * *
An acid blob comes into view. x2
The golden eye blinks!
The golden eye blinks at you. You resist with some effort.
The golden eye blinks at you.
A slime creature comes into view.
The acid blob spits acid at you. The splash of acid hits you!
* * * LOW HITPOINT WARNING * * *
You are splashed with acid!
The acid burns!
You die...

J..JJ....#.......
......#.......#..
................
....GJ.....#..#
...J..........## ##
#......J.......##.###.
.#^....JJ.............
.......@JG............
.#....G>GJ...<........
........GGJ...........
.....G.......##...##.#
#.....#...#......##
...................
.......§............
.....................
...........#.#.##.


You could see 4 acid blobs, an azure jelly, a great orb of eyes, 5 slime
creatures, a death ooze, an eye of draining and 5 golden eyes.

Vanquished Creatures
  Rupert (D:13)
  A frost giant (D:13)
  A ghost moth (shapeshifter) (D:15)
  Nessos (D:14)
  An ettin (D:13)
  Josephine (Lair:4)
  Fannar (Lair:3)
  2 hydras
  A rakshasa (D:15)
  3 centaur warriors
  2 death knights
  3 death yaks (Lair:3)
  10 two-headed ogres
  A deep troll shaman (D:15)
  An ogre mage (D:15)
  A deep troll earth mage (Depths:1)
  Sonja (Orc:1)
  4 orc high priests
  Nergalle (Orc:1)
  2 deep trolls (D:15)
  2 wizards (D:14)
  Pikel (D:8)
  5 orc knights
  A mana viper (shapeshifter) (D:15)
  5 ugly things
  3 cyclopes (D:15)
  2 deep elf magi
  2 manticores
  A salamander (shapeshifter) (D:15)
  3 orc sorcerers (Orc:2)
  9 elephants (Lair:4)
  A merfolk siren (Lair:3)
  4 black mambas
  2 centaur zombies
  A gargoyle (D:13)
  6 komodo dragons
  22 spiny frogs
  A redback zombie (D:14)
  A rime drake (Lair:4)
  An efreet (D:15)
  10 yaktaurs
  A merfolk (Lair:3)
  4 trolls
  2 polar bears
  A tyrant leech (Lair:6)
  Grinder (D:3)
  21 slime creatures
  23 blink frogs
  12 hippogriffs
  5 dream sheep (Lair:5)
  2 shadows
  3 basilisks
  3 wraiths (Lair:4)
  6 wyverns
  52 yaks
  A golden eye (Slime:1)
  A steam dragon (D:14)
  Grum (D:11)
  A hungry ghost (D:15)
  4 wargs
  Edmund (D:5)
  12 vampire mosquitoes
  2 soldier ants
  An acid dragon (D:11)
  10 water moccasins
  31 orc warriors
  11 porcupines
  6 sky beasts
  A black bear (D:10)
  17 ice beasts
  4 slaves (D:8)
  3 necrophages
  3 phantoms
  19 wolves
  3 boggarts (D:15)
  12 ogres
  6 centaurs
  21 crocodiles
  10 big kobolds
  22 bullfrogs
  A gnoll sergeant (D:5)
  A wyvern skeleton (D:12)
  3 scorpions
  17 killer bees
  10 wights
  5 howler monkeys
  8 electric eels
  8 crimson imps
  6 hounds
  A quasit (D:10)
  5 jellies
  2 centaur skeletons
  A bullfrog skeleton (D:5)
  17 orc priests
  22 orc wizards
  6 iguanas
  7 hell rats (Lair:5)
  7 worker ants
  A killer bee zombie (D:5)
  A hound skeleton (D:4)
  A worker ant zombie (D:6)
  19 adders
  13 gnolls
  A howler monkey skeleton (D:7)
  3 river rats (Sewer)
  A shadow imp (D:9)
  5 oozes
  An adder zombie (D:8)
  2 dart slugs
  4 worms
  2 leopard geckos
  74 orcs
  6 giant cockroaches
  11 goblins
  10 hobgoblins
  3 jackals
  6 quokkas
  3 ball pythons
  7 bats
  3 frilled lizards
  37 kobolds
  2 quokka skeletons (D:4)
  12 rats
  4 fungi
  7 plants
827 creatures vanquished.

Vanquished Creatures (collateral kills)
  5 hydras
  9 elephants
  A black mamba (Lair:2)
  2 spiny frogs
  A komodo dragon (Lair:4)
  3 tyrant leeches (Lair:6)
  An ogre (D:11)
  A bullfrog (Lair:6)
  An electric eel (Lair:6)
  An adder (D:11)
25 creatures vanquished.

Vanquished Creatures (others)
  7 fungi
  70 plants
77 creatures vanquished.

Grand Total: 929 creatures vanquished

Notes
Turn   | Place    | Note
-------+----------+-------------------------------------------
     0 | D:1      | Fang the Gargoyle Berserker began the quest for the Orb.
     0 | D:1      | Reached XP level 1. HP: 14/14 MP: 1/1
    10 | D:1      | Noticed an ogre
   316 | D:1      | Reached XP level 2. HP: 19/19 MP: 2/2
   359 | D:1      | Reached skill level 3 in Axes
   591 | D:2      | Reached XP level 3. HP: 8/24 MP: 3/3
   957 | D:2      | Reached ** piety under Trog
  1011 | D:2      | Reached XP level 4. HP: 29/29 MP: 4/4
  1123 | D:2      | Noticed a sky beast
  1129 | D:2      | Killed a sky beast
  1129 | D:2      | Reached skill level 4 in Axes
  1129 | D:2      | Reached XP level 5. HP: 34/34 MP: 5/5
  1502 | D:3      | Noticed Grinder
  1518 | D:3      | Paralysed by Grinder for 3 turns
  1522 | D:3      | Killed Grinder
  1522 | D:3      | Reached skill level 5 in Axes
  1522 | D:3      | Reached XP level 6. HP: 40/40 MP: 6/6
  2301 | D:3      | Reached skill level 5 in Fighting
  2301 | D:3      | Reached XP level 7. HP: 39/44 MP: 7/7
  2631 | D:4      | Found a sparkling altar of Nemelex Xobeh.
  2792 | D:5      | Entered Level 5 of the Dungeon
  2803 | D:5      | Reached skill level 6 in Axes
  2820 | D:5      | Noticed Edmund
  2826 | D:5      | Reached skill level 1 in Unarmed Combat
  2835 | D:5      | Killed Edmund
  2835 | D:5      | Reached skill level 1 in Stealth
  3161 | D:5      | Reached *** piety under Trog
  3165 | D:5      | Reached XP level 8. HP: 51/51 MP: 8/8
  3185 | D:5      | Reached skill level 7 in Axes
  3294 | D:5      | Found an opulent altar of Gozag.
  4573 | D:6      | Found a glowing drain.
  4599 | D:6      | Reached skill level 8 in Axes
  4636 | Sewer    | Entered a sewer
  4740 | Sewer    | Reached XP level 9. HP: 52/56 MP: 9/9
  4911 | Sewer    | Reached **** piety under Trog
  5328 | D:6      | Identified a scroll of acquirement
  5691 | D:6      | Reached skill level 9 in Axes
  6140 | D:7      | Found a staircase to the Ecumenical Temple.
  6162 | Temple   | Entered the Ecumenical Temple
  6271 | D:7      | Found an ornate altar of the Wu Jian Council.
  6271 | D:7      | Found a faded altar of an unknown god.
  6276 | D:7      | Found a blossoming altar of Fedhas.
  6278 | D:7      | Found a faded altar of an unknown god.
  6280 | D:7      | Found a radiant altar of Vehumet.
  6291 | D:7      | You fall through a shaft!
  6291 | D:8      | Found the +1 cloak of Starlight {rElec rC+ EV+4 Stlth--}
  6743 | D:7      | Found an iron altar of Okawaru.
  7195 | D:8      | Noticed Pikel
  7212 | D:8      | Reached XP level 10. HP: 63/63 MP: 10/10
  7379 | D:8      | Reached skill level 10 in Axes
  7498 | D:8      | Killed Pikel
  7685 | D:8      | Reached skill level 5 in Dodging
  7699 | D:8      | Noticed a two-headed ogre
  7706 | D:8      | Killed a two-headed ogre
  8374 | D:9      | Reached ***** piety under Trog
  8382 | D:8      | Reached skill level 11 in Axes
  8641 | D:9      | Found Puno's Assorted Antiques.
  8788 | D:9      | Found a staircase to the Lair.
  8818 | D:9      | Noticed a two-headed ogre
  8840 | D:8      | Killed a two-headed ogre
  8840 | D:8      | Reached XP level 11. HP: 33/69 MP: 11/11
  9083 | D:9      | Found Idoeri's Weapon Boutique.
  9119 | D:9      | Found Ucsuheank's Food Shop.
  9172 | D:9      | Found Jeigekh's Antique Armour Boutique.
  9249 | D:9      | Reached skill level 12 in Axes
  9504 | D:9      | Found Luor's Book Shop.
  9514 | D:9      | Found a hazy altar of Hepliaklqana.
  9679 | D:9      | Found a roughly hewn altar of Beogh.
  9679 | D:9      | Found a staircase to the Orcish Mines.
  9785 | Lair:1   | Entered Level 1 of the Lair of Beasts
 10593 | Lair:2   | Noticed a seven-headed hydra
 10598 | Lair:2   | Killed a seven-headed hydra
 10598 | Lair:2   | Reached skill level 13 in Axes
 10642 | Lair:2   | Noticed an ice dragon
 10642 | Lair:2   | Noticed Jinaet's ghost (journeyman MfGl)
 10831 | Lair:2   | Found a runed gate.
 10831 | Lair:2   | Found a runed gate.
 10831 | Lair:2   | Found a runed gate.
 11603 | Lair:2   | Reached XP level 12. HP: 70/77 MP: 12/12
 11745 | Lair:3   | Noticed Fannar
 11746 | Lair:3   | Reached skill level 10 in Fighting
 11756 | Lair:3   | Killed Fannar
 11849 | Lair:3   | Found a staircase to the Shoals.
 11983 | Lair:3   | Found a large runed door.
 11984 | Lair:3   | Found a large runed door.
 11984 | Lair:3   | Noticed Kamoikham's ghost (journeyman GnWz)
 12005 | Lair:3   | Reached skill level 14 in Axes
 12272 | Lair:3   | Noticed a death yak
 12273 | Lair:3   | Noticed a death yak
 12274 | Lair:3   | Noticed a death yak
 12281 | Lair:3   | Killed a death yak
 12282 | Lair:3   | Killed a death yak
 12282 | Lair:3   | HP: 5/118 [death yak (6)]
 12286 | Lair:3   | Killed a death yak
 13236 | Lair:4   | Reached ****** piety under Trog
 13444 | Lair:4   | Reached XP level 13. HP: 84/84 MP: 13/13
 13445 | Lair:4   | Received a gift from Trog
 13445 | Lair:4   | Reached skill level 15 in Axes
 13742 | Lair:4   | You fall through a shaft for 2 floors!
 13742 | Lair:6   | Entered Level 6 of the Lair of Beasts
 13758 | Lair:6   | Got a distressingly furry ring mail
 13769 | Lair:6   | Identified the +3 ring mail "Zaokoph" {rC++ Str+4} (You found it on level 6 of the Lair of Beasts)
 14035 | Lair:4   | Noticed Josephine
 14036 | Lair:4   | Found a hole to the Spider Nest.
 14046 | Lair:4   | Killed Josephine
 15381 | Lair:5   | Found a staircase to the Slime Pits.
 15381 | Lair:5   | Found a viscous altar of Jiyva.
 15423 | Lair:5   | Reached skill level 16 in Axes
 15911 | Lair:6   | Gained mutation: Your large and strong wings let you fly indefinitely. [Gargoyle growth]
 15911 | Lair:6   | Reached XP level 14. HP: 42/92 MP: 7/14
 16117 | Lair:6   | Received a gift from Trog
 17199 | Lair:6   | Reached skill level 5 in Armour
 17490 | Lair:6   | Received a gift from Trog
 18339 | D:10     | Entered Level 10 of the Dungeon
 18576 | D:10     | Found a shattered altar of Ashenzari.
 18783 | D:10     | Received a gift from Trog
 18972 | D:10     | Found a flagged portal.
 18989 | Bailey   | Entered a bailey
 19055 | Bailey   | Reached skill level 17 in Axes
 19125 | Bailey   | Found the +5 robe of Night {Dark MR+ SInv}
 19540 | D:11     | Noticed Grum
 19544 | D:11     | Killed Grum
 19573 | D:11     | Received a gift from Trog
 20370 | D:12     | Found a hide-covered altar of Uskayaw.
 20579 | D:12     | Reached XP level 15. HP: 99/99 MP: 15/15
 20848 | D:12     | Received a gift from Trog
 20999 | D:13     | Found a hazy altar of Hepliaklqana.
 21374 | D:13     | Noticed Rupert
 21375 | D:13     | Paralysed by Rupert for 5 turns
 21385 | D:13     | Killed Rupert
 21664 | D:13     | Found a runed door.
 21702 | D:13     | Noticed a frost giant
 21717 | D:13     | Killed a frost giant
 21723 | D:13     | Noticed a fire giant
 22419 | D:14     | Found an ancient bone altar of Kikubaaqudgha.
 22553 | D:14     | Reached skill level 18 in Axes
 22597 | D:14     | Found a gate to the Vaults.
 22803 | D:14     | Found a frozen archway.
 22835 | IceCv    | Entered an ice cave
 23259 | D:14     | Noticed Nessos
 23271 | D:14     | Killed Nessos
 23466 | D:15     | Entered Level 15 of the Dungeon
 23466 | D:15     | Found Suunig's Distillery.
 23467 | D:15     | Found Reys's Jewellery Shop.
 24312 | D:15     | Found Pijynev's Antique Weapon Shoppe.
 24952 | D:15     | Received a gift from Trog
 25112 | D:15     | Noticed a ghost moth
 25112 | D:15     | a fire dragon changed into a ghost moth
 25122 | D:15     | Killed a ghost moth
 25122 | D:15     | Reached XP level 16. HP: 78/107 MP: 0/16
 25222 | D:15     | Found a staircase to the Depths.
 25353 | Depths:1 | Entered Level 1 of the Depths
 25990 | Orc:1    | Entered Level 1 of the Orcish Mines
 26108 | Orc:1    | Noticed Nergalle
 26112 | Orc:1    | Noticed Sonja
 26120 | Orc:1    | Killed Nergalle
 26145 | Orc:1    | Killed Sonja
 26373 | Orc:2    | Entered Level 2 of the Orcish Mines
 26373 | Orc:2    | Found a staircase to the Elven Halls.
 26478 | Orc:2    | Reached skill level 19 in Axes
 26868 | Orc:2    | Received a gift from Trog
 27219 | Orc:2    | Paralysed by an orc sorcerer for 2 turns
 27845 | Orc:2    | Found Acuchys's Distillery.
 27845 | Orc:2    | Found Weomois's Book Emporium.
 27848 | Orc:2    | Found Bocverchupn's Weapon Emporium.
 27848 | Orc:2    | Found Veubb's Jewellery Shop.
 28177 | Slime:1  | Entered Level 1 of the Pits of Slime
 28177 | Slime:1  | Noticed an acid blob
 28185 | Slime:1  | Noticed an acid blob
 28188 | Slime:1  | Noticed an azure jelly
 28191 | Slime:1  | Noticed an acid blob
 28191 | Slime:1  | Noticed an acid blob
 28191 | Slime:1  | Splashed by an acid blob's acid

Skill      XL: |  1  2  3  4  5  6  7  8  9 10 11 12 13 14 15 16 |
---------------+-------------------------------------------------+-----
Axes           | 3 4 5 6 8 9 11 13 14 16 17 18 19 | 19.2
Fighting       | 4 5 6 7 8 9 10 12 13 14 | 14.7
Dodging        | 2 3 4 5 6 7 8 |  8.7
Unarmed Combat | 1 |  1.5
Stealth        | 1 2 4 |  4.8
Armour         | 4 6 7 |  7.5

Action                   |  1- 3 |  4- 6 |  7- 9 | 10-12 | 13-15 | 16-18 || total
-------------------------+-------+-------+-------+-------+-------+-------++-------
Melee: Hand axe          |    66 |       |       |       |       |       ||    66
       War axe           |     1 |    43 |   266 |       |       |       ||   310
       Unarmed           |       |    10 |       |     9 |       |       ||    19
       Executioner's axe |       |       |    74 |   329 |   391 |   158 ||   952
       Broad axe         |       |       |       |       |   611 |       ||   611
       Punch             |       |       |       |       |     3 |       ||     3
Invok: Berserk           |     1 |     2 |     7 |    14 |    13 |     3 ||    40
       Brothers in Arms  |       |       |       |     1 |     8 |       ||     9
 Abil: Fly               |       |       |       |       |     1 |       ||     1
  Use: Scroll            |       |       |    14 |     4 |    15 |     2 ||    35
       Potion            |       |       |     1 |       |     4 |       ||     5
 Stab: Sleeping          |       |       |     6 |       |       |       ||     6
  Eat: Chunk             |     1 |     4 |    19 |    26 |    40 |     5 ||    95
       Ration            |       |       |     2 |     2 |     4 |     2 ||    10
Armor: Animal skin       |    19 |    19 |   107 |    67 |       |       ||   212
       Robe              |       |       |       |    31 |    11 |       ||    42
       Ring mail         |       |       |       |       |   401 |    88 ||   489
Dodge: Dodged            |    39 |    35 |   216 |   420 |  1168 |   213 ||  2091
